Predators vs Avalanche

Created - March 13, 2016 at 11:17

Goals
1 2 3 T
Predators 1 1 0 2
Avalanche 1 0 2 3
Shots
1 2 3 T
Predators 6 15 8 29
Avalanche 8 12 8 28

1st period

1. Predators , Artem Anisimov 12 (Vincent Trocheck, Kevin Hayes) at 3:09
2. Avalanche , Nikita Nesterov 4 (Anthony Duclair, Stuart Percy) at 18:38

Penalties :
Mats Zuccarello (COL) for Hooking (Minor) at 0:52, Jimmy Howard (COL) for Slashing (Minor) at 9:46 - Mats Zuccarello served the penalty., Zbynek Michalek (NSH) for Hooking (Minor) at 12:05

2nd period

3. Predators , Derick Brassard 24 (Zach Bogosian, T.J. Oshie) at 7:18

Penalties :
Luke Schenn (COL) for Charging (Minor) at 2:29, Sami Vatanen (COL) for Interference (Minor) at 10:06, Derick Brassard (NSH) for Hooking (Minor) at 16:08

3rd period

4. Avalanche , Derek Stepan 14 (Mats Zuccarello, Stuart Percy) at 14:31
5. Avalanche , Rickard Rakell 7 (Luke Schenn, Kevin Shattenkirk) at 15:03

Penalties :
Stuart Percy (COL) for Tripping (Minor) at 6:26, Nicklas Backstrom (NSH) for Diving (Minor) at 8:13, Luke Schenn (COL) for Fighting (Major) at 16:34, Steven Stamkos (NSH) for Fighting (Major) at 16:34, Kevin Shattenkirk (COL) for Fighting (Major) at 16:34, Roman Josi (NSH) for Fighting (Major) at 16:34, Mats Zuccarello (COL) for Fighting (Major) at 16:34, T.J. Oshie (NSH) for Fighting (Major) at 16:34, Derek Stepan (COL) for Roughing (Minor) at 16:34, Derick Brassard (NSH) for Cross-checking (Minor) at 16:34, Anthony Duclair (COL) for Hooking (Minor) at 16:34

Goalie Stats

Pekka Rinne (NSH), 25 saves from 28 shots - (0.893), L, 35-15-5, 59:00 minutes
Jimmy Howard (COL), 27 saves from 29 shots - (0.931), W, 29-25-6, 60:00 minutes

Players Stats for Predators

Player Name              G  A  P  +/- PIM S  H  SB GA TA FO     MP     PP MP  PK MP  
------------------------------------------------------------------------------------
Artem Anisimov           1  0  1  -1  0   3  0  1  0  0  0/2    16:06   0:00   3:48 
Chris Kelly              0  0  0   0  0   0  0  0  0  0  3/5     5:54   0:21   2:00 
Cody Franson             0  0  0  -1  0   1  2  0  0  0  0/0    23:02   4:48   2:38 
Derick Brassard          1  0  1   0  4   2  1  0  0  0  9/17   21:02   5:17   2:35 
Jaden Schwartz           0  0  0   0  0   3  0  0  0  0  0/1    20:02   4:26   1:21 
Joe Colborne             0  0  0   0  0   0  0  0  0  0  0/1     4:08   0:00   0:44 
John-Michael Liles       0  0  0   1  0   0  1  1  0  0  0/0    18:42   4:48   2:36 
Kevin Hayes              0  1  1  -1  0   2  1  0  0  0  0/1    12:18   0:00   0:00 
Max Pacioretty           0  0  0   0  0   3  1  0  0  0  0/1    20:25   5:17   0:10 
Nicklas Backstrom        0  0  0   0  2   4  4  0  0  0  13/25  18:59   4:25   0:00 
Oscar Klefbom            0  0  0  -1  0   0  2  1  0  0  0/0    17:57   0:00   0:00 
Roman Josi               0  0  0  -1  5   3  1  0  0  0  0/0    21:44   4:55   0:50 
Steven Stamkos           0  0  0   0  5   2  0  0  0  0  6/16   16:40   4:05   0:00 
T.J. Oshie               0  1  1   0  5   2  2  0  0  0  0/0    21:30   5:17   0:26 
Vincent Trocheck         0  1  1  -1  0   0  4  0  0  0  5/13   13:51   0:00   0:26 
Vladislav Namestnikov    0  0  0   0  0   0  0  0  0  0  0/2     1:04   0:00   0:00 
Zach Bogosian            0  1  1  -1  0   3  4  2  0  0  0/0    24:21   4:55   3:04 
Zbynek Michalek          0  0  0   1  2   1  3  0  0  0  0/0    14:12   0:00   2:22 

Players Stats for Avalanche

Player Name              G  A  P  +/- PIM S  H  SB GA TA FO     MP     PP MP  PK MP  
------------------------------------------------------------------------------------
Anthony Duclair          0  1  1   2  2   1  0  0  0  0  0/1    14:41   0:00   0:00 
Blake Comeau             0  0  0  -1  0   2  2  0  0  0  1/1    20:58   2:50   5:57 
Chris Tierney            0  0  0   0  0   0  0  0  0  0  1/6     6:11   0:00   0:00 
Derek Stepan             1  0  1   2  2   8  2  0  0  0  15/30  22:15   2:55   4:27 
Elias Lindholm           0  0  0  -1  0   3  0  0  0  0  1/1    15:10   2:55   0:15 
Jason Chimera            0  0  0   0  0   0  2  0  0  0  0/0     9:28   0:00   0:00 
Jesper Fast              0  0  0   0  0   0  1  0  0  0  0/1    12:23   2:55   0:00 
Joffrey Lupul            0  0  0   0  0   0  1  0  0  0  0/0     8:13   0:00   2:02 
Kevin Shattenkirk        0  1  1   1  5   0  0  3  0  0  0/0    21:48   2:50   5:28 
Luke Schenn              0  1  1   0  7   0  2  2  0  0  0/0    18:28   0:00   4:07 
Markus Granlund          0  0  0   0  0   1  0  0  0  0  0/0     6:11   0:00   0:00 
Mats Zuccarello          0  1  1   2  7   4  2  0  0  0  1/1    19:32   2:50   2:39 
Nikita Nesterov          1  0  1   1  0   2  1  0  0  0  0/0    18:31   2:50   1:37 
Paul Stastny             0  0  0  -1  0   1  0  1  0  0  22/33  20:55   2:50   5:27 
Rickard Rakell           1  0  1   0  0   2  0  0  0  0  7/10   10:06   0:00   0:38 
Sami Vatanen             0  0  0   0  2   1  0  0  0  0  0/0    21:56   2:55   5:06 
Stuart Percy             0  2  2   1  2   0  0  1  0  0  0/0    14:54   0:00   0:41 
Tyson Barrie             0  0  0  -1  0   3  0  1  0  0  0/0    24:18   2:55   6:25 

3 Stars

1 - Nikita Nesterov (COL)
2 - Derek Stepan (COL)
3 - Rickard Rakell (COL)

Power Play

Predators - 0 on 6 Attempt(s) - 0.00%
Avalanche - 0 on 3 Attempt(s) - 0.00%

Penalty Kill

Predators - 3 on 3 Attempt(s) - 100.00% - Score 0 goal in Penalty Kill
Avalanche - 6 on 6 Attempt(s) - 100.00% - Score 0 goal in Penalty Kill

Team Stat

Predators - Hits : 26 - Faceoff Wins : 36 - Blocked Shots : 5 - Penalty Minutes : 23
Avalanche - Hits : 13 - Faceoff Wins : 48 - Blocked Shots : 8 - Penalty Minutes : 29

Official

Referees : Mike Leggo and Jon Mclsaac
Linesman : Mark Wheler and Brian Murphy

Game Notes

General Fight at 16:34 of 3rd period
Luke Schenn and Steven Stamkos fight to a draw at 16:34 of 3rd period
Roman Josi beats up Kevin Shattenkirk at 16:34 of 3rd period
Mats Zuccarello and T.J. Oshie fight to a draw at 16:34 of 3rd period

Finance

Level 1 -- Attendance: 6230 (95.85%) -- Ticket Income $635,460
Level 2 -- Attendance: 4402 (88.04%) -- Ticket Income $330,150
Level 3 -- Attendance: 3236 (92.46%) -- Ticket Income $177,980
Level 4 -- Attendance: 2007 (100.00%) -- Ticket Income $90,315
Luxury Box -- Attendance: 936 (93.60%) -- Ticket Income $187,200
Game was played at the Pepsi Center.
Total Attendance: 16811 (93.36%)
Total Ticket Income: $1,421,105
Other Income: $213,166
Total Income: $1,634,271

% Time on Ice - Predators

Lines # - Real PCT - Wanted PCT - Time Play
Normal Forward
1 - 32% - 34% - 13:12
2 - 31% - 33% - 12:49
3 - 29% - 28% - 12:18
4 - 8% - 5% - 3:24
Normal Defense
1 - 38% - 38% - 16:00
2 - 35% - 36% - 14:44
3 - 26% - 23% - 10:59
4 - 0% - 3% - 0:00
PP Forward
1 - 46% - 57% - 4:26
2 - 54% - 43% - 5:17
PP Defense
1 - 51% - 60% - 4:55
2 - 49% - 40% - 4:48
PK Forward
1 - 92% - 60% - 5:19
2 - 8% - 40% - 0:26
PK Defense
1 - 64% - 60% - 3:40
2 - 36% - 40% - 2:05
PK3 Forward
1 - 0% - 60%
2 - 0% - 40%
PK3 Defense
1 - 0% - 60%
2 - 0% - 40%
44 Forward
1 - 49% - 60% - 1:04
2 - 51% - 40% - 1:07
44 Defense
1 - 60% - 60% - 1:19
2 - 40% - 40% - 0:52
Last Minute Offensive  - 0:38
Last Minute Defensive  - 0:00
Total
Forward - 60:00
Defense - 60:00

% Time on Ice - Avalanche

Lines # - Real PCT - Wanted PCT - Time Play
Normal Forward
1 - 34% - 35% - 14:04
2 - 29% - 30% - 12:00
3 - 23% - 20% - 9:28
4 - 15% - 15% - 6:11
Normal Defense
1 - 34% - 30% - 14:07
2 - 32% - 30% - 13:28
3 - 32% - 30% - 13:16
4 - 2% - 10% - 0:52
PP Forward
1 - 51% - 50% - 2:55
2 - 49% - 50% - 2:50
PP Defense
1 - 49% - 50% - 2:50
2 - 51% - 50% - 2:55
PK Forward
1 - 48% - 50% - 4:42
2 - 52% - 50% - 5:01
PK Defense
1 - 58% - 50% - 5:39
2 - 42% - 50% - 4:04
PK3 Forward
1 - 68% - 50% - 1:21
2 - 32% - 50% - 0:38
PK3 Defense
1 - 100% - 50% - 1:59
2 - 0% - 50% - 0:00
44 Forward
1 - 100% - 50% - 0:12
2 - 0% - 50% - 0:00
44 Defense
1 - 0% - 50% - 0:00
2 - 100% - 50% - 0:12
Last Minute Offensive  - 0:00
Last Minute Defensive  - 0:38
Total
Forward - 60:00
Defense - 60:00

Play by Play

1st period


0:01 of 1st period - Derek Stepan wins face-off versus Steven Stamkos in neutral zone.
0:31 of 1st period - Shot by Derick Brassard.
0:31 of 1st period - Deflect By Steven Stamkos.
0:31 of 1st period - Shot Blocked by Kevin Shattenkirk.
0:33 of 1st period - Shot by T.J. Oshie.
0:33 of 1st period - Shot Misses the Net.
0:52 of 1st period - Minor Penalty to Mats Zuccarello for Hooking.
0:53 of 1st period - Paul Stastny wins face-off versus Nicklas Backstrom in Avalanche zone.
0:53 of 1st period - Paul Stastny is hit by Nicklas Backstrom.
1:49 of 1st period - Shot by Max Pacioretty.
1:49 of 1st period - Shot Misses the Net.
1:58 of 1st period - Icing by Zach Bogosian.
1:59 of 1st period - Derick Brassard wins face-off versus Paul Stastny in Predators zone.
2:47 of 1st period - Icing by John-Michael Liles.
2:48 of 1st period - Nicklas Backstrom wins face-off versus Paul Stastny in Predators zone.
3:09 of 1st period - Shot by Artem Anisimov.
3:09 of 1st period - Goal by Artem Anisimov - Predators : 1 - Avalanche : 0.
3:10 of 1st period - Nicklas Backstrom wins face-off versus Chris Tierney in neutral zone.
3:25 of 1st period - Off-side.
3:26 of 1st period - Rickard Rakell wins face-off versus Vincent Trocheck in neutral zone.
4:05 of 1st period - Icing by Roman Josi.
4:06 of 1st period - Paul Stastny wins face-off versus Vincent Trocheck in Predators zone.
4:06 of 1st period - Elias Lindholm is hit by Oscar Klefbom and loses puck.
5:01 of 1st period - Off-side.
5:02 of 1st period - Derek Stepan wins face-off versus Nicklas Backstrom in neutral zone.
5:08 of 1st period - Derek Stepan is hit by Zach Bogosian and loses puck.
5:13 of 1st period - Shot by Derek Stepan.
5:13 of 1st period - Shot Blocked by Zach Bogosian.
5:15 of 1st period - Shot by Derek Stepan.
5:15 of 1st period - Stopped by Pekka Rinne without a rebound.
5:16 of 1st period - Steven Stamkos wins face-off versus Chris Tierney in Predators zone.
5:16 of 1st period - Steven Stamkos is hit by Joffrey Lupul.
5:21 of 1st period - Icing by John-Michael Liles.
5:22 of 1st period - Steven Stamkos wins face-off versus Derek Stepan in Predators zone.
5:49 of 1st period - Off-side.
5:50 of 1st period - Paul Stastny wins face-off versus Nicklas Backstrom in neutral zone.
6:01 of 1st period - Elias Lindholm is hit by Nicklas Backstrom and loses puck.
8:15 of 1st period - Shot by Artem Anisimov.
8:15 of 1st period - Stopped by Jimmy Howard with a rebound.
8:23 of 1st period - Shot by Kevin Hayes.
8:23 of 1st period - Stopped by Jimmy Howard without a rebound.
8:24 of 1st period - Paul Stastny wins face-off versus Chris Kelly in Avalanche zone.
8:46 of 1st period - Icing by Paul Stastny.
8:47 of 1st period - Paul Stastny wins face-off versus Vincent Trocheck in Avalanche zone.
8:47 of 1st period - Paul Stastny is hit by Vincent Trocheck.
8:59 of 1st period - Shot by Elias Lindholm.
8:59 of 1st period - Stopped by Pekka Rinne without a rebound.
9:00 of 1st period - Nicklas Backstrom wins face-off versus Jesper Fast in Predators zone.
9:00 of 1st period - Nicklas Backstrom is hit by Jason Chimera.
9:15 of 1st period - Shot by Jaden Schwartz.
9:15 of 1st period - Deflect By Nicklas Backstrom.
9:15 of 1st period - Stopped by Jimmy Howard without a rebound.
9:16 of 1st period - Vincent Trocheck wins face-off versus Derek Stepan in Avalanche zone.
9:23 of 1st period - Shot by Mats Zuccarello.
9:23 of 1st period - Shot Misses the Net.
9:29 of 1st period - Shot by Derek Stepan.
9:29 of 1st period - Stopped by Pekka Rinne with a rebound.
9:46 of 1st period - Shot by Kevin Hayes.
9:46 of 1st period - Stopped by Jimmy Howard without a rebound.
9:46 of 1st period - Minor Penalty to Jimmy Howard for Slashing.
9:47 of 1st period - Derek Stepan wins face-off versus Jaden Schwartz in Avalanche zone.
10:54 of 1st period - Shot by Roman Josi.
10:54 of 1st period - Stopped by Jimmy Howard without a rebound.
10:55 of 1st period - Paul Stastny wins face-off versus Derick Brassard in Avalanche zone.
11:31 of 1st period - Icing by Zach Bogosian.
11:32 of 1st period - Paul Stastny wins face-off versus Derick Brassard in Predators zone.
11:54 of 1st period - Rickard Rakell is hit by Vincent Trocheck.
11:57 of 1st period - Nikita Nesterov is hit by Zbynek Michalek and loses puck.
12:05 of 1st period - Minor Penalty to Zbynek Michalek for Hooking.
12:06 of 1st period - Derek Stepan wins face-off versus Derick Brassard in Predators zone.
12:09 of 1st period - Shot by Derek Stepan.
12:09 of 1st period - Stopped by Pekka Rinne without a rebound.
12:10 of 1st period - Derick Brassard wins face-off versus Derek Stepan in Predators zone.
12:24 of 1st period - Shot by Tyson Barrie.
12:24 of 1st period - Stopped by Pekka Rinne with a rebound.
12:26 of 1st period - Shot by Tyson Barrie.
12:26 of 1st period - Stopped by Pekka Rinne with a rebound.
12:28 of 1st period - Shot by Tyson Barrie.
12:28 of 1st period - Stopped by Pekka Rinne without a rebound.
12:29 of 1st period - Derick Brassard wins face-off versus Paul Stastny in Predators zone.
12:41 of 1st period - Icing by Kevin Shattenkirk.
12:42 of 1st period - Paul Stastny wins face-off versus Derick Brassard in Avalanche zone.
14:08 of 1st period - Shot by Markus Granlund.
14:08 of 1st period - Deflect By Chris Tierney.
14:08 of 1st period - Shot Blocked by Oscar Klefbom.
14:33 of 1st period - Chris Tierney is hit by Oscar Klefbom and loses puck.
15:01 of 1st period - Icing by Jesper Fast.
15:02 of 1st period - Rickard Rakell wins face-off versus Chris Kelly in Avalanche zone.
15:23 of 1st period - Shot by Jesper Fast.
15:23 of 1st period - Shot Misses the Net.
15:45 of 1st period - John-Michael Liles is hit by Jason Chimera.
16:29 of 1st period - Oscar Klefbom is hit by Mats Zuccarello and loses puck.
16:47 of 1st period - Max Pacioretty is hit by Luke Schenn and loses puck.
17:42 of 1st period - Icing by Cody Franson.
17:43 of 1st period - Vincent Trocheck wins face-off versus Chris Tierney in Predators zone.
18:36 of 1st period - Shot by Anthony Duclair.
18:36 of 1st period - Shot Misses the Net.
18:38 of 1st period - Shot by Nikita Nesterov.
18:38 of 1st period - The goal is going for a video replay.
18:38 of 1st period - The goal is good.
18:38 of 1st period - Goal by Nikita Nesterov - Predators : 1 - Avalanche : 1.
18:39 of 1st period - Steven Stamkos wins face-off versus Rickard Rakell in neutral zone.
Goals for this period are 1 for Predators vs 1 for Avalanche.
Shots for this period are 6 for Predators vs 8 for Avalanche.

2nd period


0:01 of 2nd period - Derek Stepan wins face-off versus Steven Stamkos in neutral zone.
0:01 of 2nd period - Derek Stepan is hit by T.J. Oshie.
0:39 of 2nd period - Icing by Zach Bogosian.
0:40 of 2nd period - Paul Stastny wins face-off versus Steven Stamkos in Predators zone.
0:40 of 2nd period - Kevin Shattenkirk is hit by Zach Bogosian and loses puck.
1:19 of 2nd period - Shot by Elias Lindholm.
1:19 of 2nd period - Stopped by Pekka Rinne without a rebound.
1:20 of 2nd period - Nicklas Backstrom wins face-off versus Chris Tierney in Predators zone.
1:26 of 2nd period - Jaden Schwartz is hit by Nikita Nesterov and loses puck.
1:43 of 2nd period - Shot by Markus Granlund.
1:43 of 2nd period - Stopped by Pekka Rinne without a rebound.
1:44 of 2nd period - Vincent Trocheck wins face-off versus Derek Stepan in Predators zone.
2:10 of 2nd period - Off-side.
2:11 of 2nd period - Nicklas Backstrom wins face-off versus Paul Stastny in neutral zone.
2:18 of 2nd period - Shot by Max Pacioretty.
2:18 of 2nd period - Stopped by Jimmy Howard without a rebound.
2:19 of 2nd period - Steven Stamkos wins face-off versus Paul Stastny in Avalanche zone.
2:22 of 2nd period - Shot by Zach Bogosian.
2:22 of 2nd period - Stopped by Jimmy Howard without a rebound.
2:23 of 2nd period - Derick Brassard wins face-off versus Anthony Duclair in Avalanche zone.
2:29 of 2nd period - Minor Penalty to Luke Schenn for Charging.
2:30 of 2nd period - Nicklas Backstrom wins face-off versus Derek Stepan in Avalanche zone.
2:51 of 2nd period - Shot by Jaden Schwartz.
2:51 of 2nd period - Stopped by Jimmy Howard with a rebound.
2:53 of 2nd period - Shot by Zach Bogosian.
2:53 of 2nd period - Stopped by Jimmy Howard without a rebound.
2:54 of 2nd period - Derek Stepan wins face-off versus Derick Brassard in Avalanche zone.
3:17 of 2nd period - Shot by Cody Franson.
3:17 of 2nd period - Stopped by Jimmy Howard with a rebound.
3:19 of 2nd period - Shot by Max Pacioretty.
3:19 of 2nd period - Shot Blocked by Kevin Shattenkirk.
3:21 of 2nd period - Shot by Max Pacioretty.
3:21 of 2nd period - Shot Misses the Net.
3:50 of 2nd period - Off-side.
3:51 of 2nd period - Mats Zuccarello wins face-off versus Nicklas Backstrom in neutral zone.
4:26 of 2nd period - Shot by Steven Stamkos.
4:26 of 2nd period - Stopped by Jimmy Howard without a rebound.
4:27 of 2nd period - Derick Brassard wins face-off versus Derek Stepan in Avalanche zone.
4:44 of 2nd period - Shot by Zbynek Michalek.
4:44 of 2nd period - Shot Blocked by Kevin Shattenkirk.
4:46 of 2nd period - Shot by Kevin Hayes.
4:46 of 2nd period - Shot Blocked by Luke Schenn.
5:39 of 2nd period - Mats Zuccarello is hit by Zach Bogosian and loses puck.
6:05 of 2nd period - Icing by Derek Stepan.
6:06 of 2nd period - Derek Stepan wins face-off versus Nicklas Backstrom in Avalanche zone.
6:06 of 2nd period - Derek Stepan is hit by Nicklas Backstrom.
6:11 of 2nd period - Off-side.
6:12 of 2nd period - Paul Stastny wins face-off versus Nicklas Backstrom in neutral zone.
6:15 of 2nd period - Oscar Klefbom is hit by Blake Comeau and loses puck.
6:24 of 2nd period - Shot by Paul Stastny.
6:24 of 2nd period - Stopped by Pekka Rinne without a rebound.
6:25 of 2nd period - Chris Tierney wins face-off versus Vincent Trocheck in Predators zone.
6:33 of 2nd period - Icing by Zbynek Michalek.
6:34 of 2nd period - Paul Stastny wins face-off versus Vincent Trocheck in Predators zone.
6:35 of 2nd period - Shot by Elias Lindholm.
6:35 of 2nd period - Shot Misses the Net.
6:38 of 2nd period - Icing by John-Michael Liles.
6:39 of 2nd period - Derek Stepan wins face-off versus Vincent Trocheck in Predators zone.
6:46 of 2nd period - Shot by Mats Zuccarello.
6:46 of 2nd period - Stopped by Pekka Rinne without a rebound.
6:47 of 2nd period - Paul Stastny wins face-off versus Steven Stamkos in Predators zone.
7:03 of 2nd period - Paul Stastny is hit by Zach Bogosian and loses puck.
7:12 of 2nd period - Shot by Steven Stamkos.
7:12 of 2nd period - Shot Blocked by Tyson Barrie.
7:14 of 2nd period - Shot by T.J. Oshie.
7:14 of 2nd period - Shot Misses the Net.
7:16 of 2nd period - Shot by Zach Bogosian.
7:16 of 2nd period - Shot Blocked by Luke Schenn.
7:18 of 2nd period - Shot by Derick Brassard.
7:18 of 2nd period - Goal by Derick Brassard - Predators : 2 - Avalanche : 1.
7:19 of 2nd period - Derek Stepan wins face-off versus Nicklas Backstrom in neutral zone.
7:43 of 2nd period - Icing by Nikita Nesterov.
7:44 of 2nd period - Derek Stepan wins face-off versus Vincent Trocheck in Avalanche zone.
7:44 of 2nd period - Derek Stepan is hit by Vincent Trocheck.
7:58 of 2nd period - Shot by Artem Anisimov.
7:58 of 2nd period - Shot Misses the Net.
8:00 of 2nd period - Shot by Artem Anisimov.
8:00 of 2nd period - Stopped by Jimmy Howard with a rebound.
8:22 of 2nd period - Shot by Cody Franson.
8:22 of 2nd period - Shot Misses the Net.
9:32 of 2nd period - Shot by Nicklas Backstrom.
9:32 of 2nd period - Shot Misses the Net.
9:42 of 2nd period - Elias Lindholm is hit by Nicklas Backstrom and loses puck.
9:47 of 2nd period - Shot by Max Pacioretty.
9:47 of 2nd period - Stopped by Jimmy Howard with a rebound.
9:49 of 2nd period - Shot by Nicklas Backstrom.
9:49 of 2nd period - Stopped by Jimmy Howard with a rebound.
9:51 of 2nd period - Shot by Jaden Schwartz.
9:51 of 2nd period - Shot Misses the Net.
10:06 of 2nd period - Minor Penalty to Sami Vatanen for Interference.
10:07 of 2nd period - Derick Brassard wins face-off versus Derek Stepan in Avalanche zone.
10:08 of 2nd period - Shot by Roman Josi.
10:08 of 2nd period - Shot Misses the Net.
10:52 of 2nd period - Shot by Nicklas Backstrom.
10:52 of 2nd period - Stopped by Jimmy Howard without a rebound.
10:53 of 2nd period - Paul Stastny wins face-off versus Nicklas Backstrom in Avalanche zone.
11:18 of 2nd period - Shot by Jaden Schwartz.
11:18 of 2nd period - Deflect By Nicklas Backstrom.
11:18 of 2nd period - Shot Misses the Net.
11:20 of 2nd period - Shot by Jaden Schwartz.
11:20 of 2nd period - Shot Misses the Net.
11:22 of 2nd period - Shot by Jaden Schwartz.
11:22 of 2nd period - Stopped by Jimmy Howard without a rebound.
11:23 of 2nd period - Elias Lindholm wins face-off versus Derick Brassard in Avalanche zone.
11:23 of 2nd period - Elias Lindholm is hit by Derick Brassard.
11:35 of 2nd period - Shot by Roman Josi.
11:35 of 2nd period - Shot Misses the Net.
11:37 of 2nd period - Shot by Roman Josi.
11:37 of 2nd period - Stopped by Jimmy Howard without a rebound.
11:38 of 2nd period - Nicklas Backstrom wins face-off versus Paul Stastny in Avalanche zone.
11:39 of 2nd period - Shot by Roman Josi.
11:39 of 2nd period - Stopped by Jimmy Howard without a rebound.
11:40 of 2nd period - Nicklas Backstrom wins face-off versus Derek Stepan in Avalanche zone.
11:49 of 2nd period - Shot by Jaden Schwartz.
11:49 of 2nd period - Stopped by Jimmy Howard without a rebound.
11:50 of 2nd period - Derick Brassard wins face-off versus Paul Stastny in Avalanche zone.
11:57 of 2nd period - Shot by Derick Brassard.
11:57 of 2nd period - Shot Misses the Net.
12:09 of 2nd period - Shot by Derick Brassard.
12:09 of 2nd period - Shot Misses the Net.
12:25 of 2nd period - Shot by Rickard Rakell.
12:25 of 2nd period - Stopped by Pekka Rinne without a rebound.
12:26 of 2nd period - Derek Stepan wins face-off versus Steven Stamkos in Predators zone.
12:35 of 2nd period - Shot by Mats Zuccarello.
12:35 of 2nd period - Stopped by Pekka Rinne without a rebound.
12:36 of 2nd period - Paul Stastny wins face-off versus Nicklas Backstrom in Predators zone.
12:57 of 2nd period - Icing by Luke Schenn.
12:58 of 2nd period - Paul Stastny wins face-off versus Steven Stamkos in Avalanche zone.
13:11 of 2nd period - Shot by Elias Lindholm.
13:11 of 2nd period - Stopped by Pekka Rinne with a rebound.
13:26 of 2nd period - Shot by Blake Comeau.
13:26 of 2nd period - Stopped by Pekka Rinne without a rebound.
13:27 of 2nd period - Nicklas Backstrom wins face-off versus Derek Stepan in Predators zone.
13:45 of 2nd period - Shot by Derek Stepan.
13:45 of 2nd period - Stopped by Pekka Rinne without a rebound.
13:46 of 2nd period - Vincent Trocheck wins face-off versus Chris Tierney in Predators zone.
13:53 of 2nd period - Shot by Vincent Trocheck.
13:53 of 2nd period - Shot Misses the Net.
13:55 of 2nd period - Shot by Artem Anisimov.
13:55 of 2nd period - Deflect By Vincent Trocheck.
13:55 of 2nd period - Shot Misses the Net.
14:21 of 2nd period - Nikita Nesterov is hit by Vincent Trocheck and loses puck.
15:09 of 2nd period - Zach Bogosian is hit by Derek Stepan and loses puck.
15:39 of 2nd period - Off-side.
15:40 of 2nd period - Paul Stastny wins face-off versus Steven Stamkos in neutral zone.
16:08 of 2nd period - Minor Penalty to Derick Brassard for Hooking.
16:09 of 2nd period - Chris Kelly wins face-off versus Derek Stepan in Predators zone.
16:18 of 2nd period - Zbynek Michalek is hit by Jesper Fast and loses puck.
16:34 of 2nd period - Jesper Fast is hit by Zbynek Michalek and loses puck.
16:41 of 2nd period - Shot by Kevin Shattenkirk.
16:41 of 2nd period - Shot Misses the Net.
17:03 of 2nd period - Shot by Mats Zuccarello.
17:03 of 2nd period - Stopped by Pekka Rinne with a rebound.
17:05 of 2nd period - Shot by Mats Zuccarello.
17:05 of 2nd period - Stopped by Pekka Rinne without a rebound.
17:06 of 2nd period - Paul Stastny wins face-off versus Joe Colborne in Predators zone.
17:57 of 2nd period - Shot by Nikita Nesterov.
17:57 of 2nd period - Stopped by Pekka Rinne without a rebound.
17:58 of 2nd period - Chris Kelly wins face-off versus Derek Stepan in Predators zone.
18:55 of 2nd period - Icing by Roman Josi.
18:56 of 2nd period - Rickard Rakell wins face-off versus Steven Stamkos in Predators zone.
19:03 of 2nd period - Shot by Jesper Fast.
19:03 of 2nd period - Shot Misses the Net.
19:06 of 2nd period - Icing by Oscar Klefbom.
19:07 of 2nd period - Derek Stepan wins face-off versus Steven Stamkos in Predators zone.
Goals for this period are 1 for Predators vs 0 for Avalanche.
Shots for this period are 15 for Predators vs 12 for Avalanche.

3rd period


0:01 of 3rd period - Nicklas Backstrom wins face-off versus Derek Stepan in neutral zone.
1:01 of 3rd period - Icing by Sami Vatanen.
1:02 of 3rd period - Steven Stamkos wins face-off versus Paul Stastny in Avalanche zone.
3:37 of 3rd period - Jaden Schwartz is hit by Luke Schenn and loses puck.
4:14 of 3rd period - Shot by T.J. Oshie.
4:14 of 3rd period - Stopped by Jimmy Howard without a rebound.
4:15 of 3rd period - Paul Stastny wins face-off versus Artem Anisimov in Avalanche zone.
4:48 of 3rd period - Tyson Barrie is hit by Kevin Hayes and loses puck.
5:18 of 3rd period - Shot by Jaden Schwartz.
5:18 of 3rd period - Deflect By Max Pacioretty.
5:18 of 3rd period - Stopped by Jimmy Howard without a rebound.
5:19 of 3rd period - Rickard Rakell wins face-off versus Derick Brassard in Avalanche zone.
5:49 of 3rd period - Shot by Steven Stamkos.
5:49 of 3rd period - Shot Blocked by Stuart Percy.
5:51 of 3rd period - Shot by T.J. Oshie.
5:51 of 3rd period - Stopped by Jimmy Howard with a rebound.
5:53 of 3rd period - Shot by T.J. Oshie.
5:53 of 3rd period - Shot Misses the Net.
6:26 of 3rd period - Minor Penalty to Stuart Percy for Tripping.
6:27 of 3rd period - Blake Comeau wins face-off versus Nicklas Backstrom in Avalanche zone.
6:48 of 3rd period - Shot by Nicklas Backstrom.
6:48 of 3rd period - Stopped by Jimmy Howard without a rebound.
6:49 of 3rd period - Derick Brassard wins face-off versus Derek Stepan in Avalanche zone.
7:03 of 3rd period - Shot by Derek Stepan.
7:03 of 3rd period - Shot Blocked by John-Michael Liles.
7:12 of 3rd period - Blake Comeau is hit by Cody Franson and loses puck.
7:24 of 3rd period - Derek Stepan is hit by Cody Franson and loses puck.
7:36 of 3rd period - Icing by John-Michael Liles.
7:37 of 3rd period - Paul Stastny wins face-off versus Derick Brassard in Predators zone.
7:37 of 3rd period - Paul Stastny is hit by John-Michael Liles.
8:13 of 3rd period - Minor Penalty to Nicklas Backstrom for Diving.
8:14 of 3rd period - Derek Stepan wins face-off versus Steven Stamkos in Predators zone.
8:31 of 3rd period - Icing by Nikita Nesterov.
8:32 of 3rd period - Derek Stepan wins face-off versus Artem Anisimov in Avalanche zone.
9:41 of 3rd period - Shot by Sami Vatanen.
9:41 of 3rd period - Stopped by Pekka Rinne without a rebound.
9:42 of 3rd period - Derick Brassard wins face-off versus Paul Stastny in Predators zone.
10:12 of 3rd period - Shot by Mats Zuccarello.
10:12 of 3rd period - Shot Blocked by Artem Anisimov.
11:40 of 3rd period - Jesper Fast is hit by Zbynek Michalek and loses puck.
12:10 of 3rd period - Anthony Duclair is hit by T.J. Oshie and loses puck.
12:21 of 3rd period - Shot by Mats Zuccarello.
12:21 of 3rd period - Deflect By Derek Stepan.
12:21 of 3rd period - Stopped by Pekka Rinne without a rebound.
12:22 of 3rd period - Paul Stastny wins face-off versus Kevin Hayes in Predators zone.
12:37 of 3rd period - Shot by Paul Stastny.
12:37 of 3rd period - Shot Misses the Net.
12:39 of 3rd period - Shot by Blake Comeau.
12:39 of 3rd period - Deflect By Paul Stastny.
12:39 of 3rd period - Shot Blocked by Zach Bogosian.
12:41 of 3rd period - Shot by Blake Comeau.
12:41 of 3rd period - Stopped by Pekka Rinne without a rebound.
12:42 of 3rd period - Nicklas Backstrom wins face-off versus Derek Stepan in Predators zone.
12:42 of 3rd period - Nicklas Backstrom is hit by Derek Stepan.
13:03 of 3rd period - Mats Zuccarello is hit by Roman Josi and loses puck.
13:20 of 3rd period - Shot by Anthony Duclair.
13:20 of 3rd period - Stopped by Pekka Rinne without a rebound.
13:21 of 3rd period - Vincent Trocheck wins face-off versus Paul Stastny in Predators zone.
14:11 of 3rd period - Icing by Zach Bogosian.
14:12 of 3rd period - Derek Stepan wins face-off versus Vincent Trocheck in Predators zone.
14:21 of 3rd period - Shot by Anthony Duclair.
14:21 of 3rd period - Shot Misses the Net.
14:23 of 3rd period - Shot by Nikita Nesterov.
14:23 of 3rd period - Shot Misses the Net.
14:25 of 3rd period - Shot by Stuart Percy.
14:25 of 3rd period - Shot Misses the Net.
14:27 of 3rd period - Shot by Derek Stepan.
14:27 of 3rd period - Stopped by Pekka Rinne with a rebound.
14:29 of 3rd period - Shot by Mats Zuccarello.
14:29 of 3rd period - Shot Misses the Net.
14:31 of 3rd period - Shot by Derek Stepan.
14:31 of 3rd period - Goal by Derek Stepan - Predators : 2 - Avalanche : 2.
14:32 of 3rd period - Steven Stamkos wins face-off versus Rickard Rakell in neutral zone.
15:03 of 3rd period - Shot by Rickard Rakell.
15:03 of 3rd period - Goal by Rickard Rakell - Predators : 2 - Avalanche : 3.
15:04 of 3rd period - Paul Stastny wins face-off versus Nicklas Backstrom in neutral zone.
15:07 of 3rd period - Max Pacioretty is hit by Blake Comeau and loses puck.
16:21 of 3rd period - Oscar Klefbom is hit by Mats Zuccarello and loses puck.
16:34 of 3rd period - Shot by Steven Stamkos.
16:34 of 3rd period - Stopped by Jimmy Howard without a rebound.
16:34 of 3rd period - Luke Schenn and Steven Stamkos fight to a draw.
16:34 of 3rd period - Penalty to Luke Schenn for Fighting.
16:34 of 3rd period - Penalty to Steven Stamkos for Fighting.
16:34 of 3rd period - Roman Josi beats up Kevin Shattenkirk.
16:34 of 3rd period - Penalty to Kevin Shattenkirk for Fighting.
16:34 of 3rd period - Penalty to Roman Josi for Fighting.
16:34 of 3rd period - Mats Zuccarello and T.J. Oshie fight to a draw.
16:34 of 3rd period - Penalty to Mats Zuccarello for Fighting.
16:34 of 3rd period - Penalty to T.J. Oshie for Fighting.
16:34 of 3rd period - Minor Penalty to Derek Stepan for Roughing.
16:34 of 3rd period - Minor Penalty to Derick Brassard for Cross-checking.
16:34 of 3rd period - Minor Penalty to Anthony Duclair for Hooking.
16:35 of 3rd period - Rickard Rakell wins face-off versus Vladislav Namestnikov in Avalanche zone.
16:35 of 3rd period - Rickard Rakell is hit by Max Pacioretty.
17:22 of 3rd period - Icing by Nicklas Backstrom.
17:23 of 3rd period - Nicklas Backstrom wins face-off versus Rickard Rakell in Predators zone.
17:36 of 3rd period - Shot by Vincent Trocheck.
17:36 of 3rd period - Shot Misses the Net.
18:30 of 3rd period - Shot by Zbynek Michalek.
18:30 of 3rd period - Shot Misses the Net.
18:32 of 3rd period - Shot by Zbynek Michalek.
18:32 of 3rd period - Stopped by Jimmy Howard without a rebound.
18:33 of 3rd period - Rickard Rakell wins face-off versus Vladislav Namestnikov in Avalanche zone.
18:44 of 3rd period - Shot by Derek Stepan.
18:44 of 3rd period - Stopped by Pekka Rinne without a rebound.
18:45 of 3rd period - Rickard Rakell wins face-off versus Max Pacioretty in Predators zone.
19:00 of 3rd period - Predators, Pekka Rinne is pulled from the net.
19:21 of 3rd period - Shot by Derick Brassard.
19:21 of 3rd period - Stopped by Jimmy Howard without a rebound.
19:22 of 3rd period - Nicklas Backstrom wins face-off versus Derek Stepan in Avalanche zone.
19:40 of 3rd period - Icing by Tyson Barrie.
19:41 of 3rd period - Chris Kelly wins face-off versus Paul Stastny in Avalanche zone.
19:45 of 3rd period - Shot by Jaden Schwartz.
19:45 of 3rd period - Shot Blocked by Paul Stastny.
19:47 of 3rd period - Shot by Nicklas Backstrom.
19:47 of 3rd period - Shot Misses the Net.
19:49 of 3rd period - Shot by Zach Bogosian.
19:49 of 3rd period - Stopped by Jimmy Howard without a rebound.
19:50 of 3rd period - Paul Stastny wins face-off versus Nicklas Backstrom in Avalanche zone.
Goals for this period are 0 for Predators vs 2 for Avalanche.
Shots for this period are 8 for Predators vs 8 for Avalanche.